 Dungeon Crawl Stone Soup version 0.23.2 (webtiles) character file.

Game seed: 11607204710436251529

29551 Lusmu the Covert (level 13, -12/111 HPs)
             Began as a Pale Draconian Wanderer on Apr 1, 2019.
             Was an Elder of Ashenzari.
             Mangled by a five-headed hydra (16 damage)
             ... on level 4 of the Lair of Beasts.
             The game lasted 01:33:01 (21634 turns).

Lusmu the Covert (Pale Draconian Wanderer)         Turns: 21634, Time: 01:33:02

Health: -12/111    AC: 11    Str: 16    XL:     13   Next: 15%
Magic:  4/19       EV: 17    Int: 12    God:    Ashenzari [****..]
Gold:   1274       SH:  3    Dex: 15    Spells: 14/20 levels left

rFire    . . .     SeeInvis +   Q - +5 falchion (freeze) (curse)
rCold    . . .     Gourm    .   (no shield)
rNeg     . . .     Faith    .   (armour unavailable)
rPois    +         Spirit   .   (helmet restricted)
rElec    .         Reflect  +   w - +2 cloak {MR+} (curse)
rCorr    .         Harm     .   (no gloves)
MR       ++...     Clarity  +   (no boots)
Stlth    +++++.....             j - +3 amulet of reflection
HPRegen  0.28/turn              h - ring of protection from magic
MPRegen  0.16/turn              N - ring of poison resistance

@: very slightly contaminated
A: breathe steam, unfitting armour, big wings, stinger 1, wild magic 1,
cold-blooded, AC +8
a: Breathe Steam, Fly, Curse Item, Scrying, Renounce Religion


You were on level 4 of the Lair of Beasts.
You worshipped Ashenzari.
Ashenzari was greatly pleased with you.
You were hungry.

You visited 3 branches of the dungeon, and saw 17 of its levels.

You collected 1274 gold pieces.

Inventory:

Hand Weapons
 o - the +1 scimitar of Accidental Termination {drain, +Rage rElec}
   (You found it on level 2 of the Lair of Beasts)

   A truly terrible weapon, it drains the life of those it strikes.
   It insulates you from electricity.
   It lets you go berserk.
 Q - a cursed +5 falchion of freezing (weapon)
Missiles
 i - 21 tomahawks (quivered)
 G - 2 throwing nets
 M - 2 javelins of returning
Armour
 n - a +0 large shield
 q - a +0 shield
 w - a cursed +2 cloak of magic resistance (worn)
Jewellery
 h - a ring of protection from magic (left hand)
 j - a +3 amulet of reflection (around neck)
 N - a ring of poison resistance (right hand)
Wands
 a - a wand of paralysis (18)
 v - a wand of acid (9)
 C - a wand of digging (5)
 I - a wand of iceblast (15)
 K - a wand of flame (42)
Scrolls
 b - 4 scrolls of teleportation
 m - 4 scrolls of remove curse
 p - 2 scrolls of fear
 s - a scroll of amnesia
 y - a scroll of enchant armour
 A - 2 scrolls of fog
 D - 4 scrolls of blinking
 F - a scroll of brand weapon
 P - 3 scrolls of magic mapping
Potions
 c - 3 potions of lignification
 e - a potion of invisibility
 g - 3 potions of agility
 l - a potion of cancellation
 r - 3 potions of haste
 t - 2 potions of magic
 u - a potion of mutation
 x - 2 potions of brilliance
 z - a potion of might
 H - 2 potions of resistance
 J - 5 potions of curing
Miscellaneous
 k - a fan of gales (inert)
Comestibles
 f - 34 rations


   Skills:
 - Level 9.0 Fighting
 + Level 9.2(12.5) Long Blades
 - Level 5.0 Throwing
 + Level 8.1 Dodging
 + Level 11.1 Stealth
 + Level 3.2 Shields
 - Level 1.0 Unarmed Combat
 - Level 4.0 Spellcasting
 - Level 6.0 Summonings
 + Level 0.6 Translocations
 + Level 9.4 Air Magic
 - Level 5.0 Evocations


You had 14 spell levels left.
You knew the following spells:

 Your Spells              Type           Power        Failure   Level  Hunger
a - Summon Lightning Spi  Summ/Air       ####....     14%         4    #####..
b - Blink                 Tloc           N/A          34%         2    ##.....

Your spell library contained the following spells:

 Spells                   Type           Power        Failure   Level  Hunger
 Summon Butterflies       Summ           ###.....     3%          1    #......
 Summon Small Mammal      Summ           ###.         3%          1    #......
 Call Imp                 Summ           ###.....     4%          2    ##.....
 Call Canine Familiar     Summ           ###.....     9%          3    ###....
 Apportation              Tloc           #.....       24%         1    #......
 Mephitic Cloud           Conj/Pois/Air  ##......     26%         3    ###....
 Summon Guardian Golem    Hex/Summ       ##......     26%         3    ###....
 Animate Skeleton         Necr           N/A          30%         1    #......
 Confusing Touch          Hex            #.....       30%         1    #......
 Magic Dart               Conj           #...         30%         1    #......
 Slow                     Hex            #.......     41%         2    ##.....
 Conjure Flame            Conj/Fire      #.......     63%         3    ###....
 Summon Ice Beast         Ice/Summ       ##......     63%         4    #####..
 Summon Mana Viper        Hex/Summ       ##......     91%         5    ######.
 Summon Hydra             Summ           ###.......   100%        7    #######


Dungeon Overview and Level Annotations

Branches:
Dungeon (12/15)            Temple (1/1) D:7            Lair (4/6) D:10
 Shoals (0/4) Lair:2        Snake (0/4) Lair:4          Orc (0/2) D:12

Altars:
Ashenzari
Cheibriados
Dithmenos
Elyvilon
Fedhas
Gozag
Hepliaklqana
Kikubaaqudgha
Makhleb
Nemelex Xobeh
Okawaru
Qazlal
Ru
Sif Muna
Trog
Uskayaw
Vehumet
Wu Jian
Xom
Yredelemnul
Zin
The Shining One

Shops:
D:8 :   D:9 [   D:12 [(

Annotations:
D:2 Sigmund
D:9 Gastronok
Lair:2 exclusion: 2 oklob plants


Innate Abilities, Weirdness & Mutations

You can breathe blasts of scalding, opaque steam.
Your pale cyan-grey scales are hard. (AC +8)
You cannot fit into any form of body armour.
You are cold-blooded and may be slowed by cold attacks.
Your large and strong wings let you fly indefinitely.
Your tail ends in a poisonous barb.
Your spells are a little harder to cast, but a little more powerful.


Message History

* * * LOW HITPOINT WARNING * * *
The five-headed hydra bites you but does no damage.
The five-headed hydra completely misses you.
The five-headed hydra bites you.
* * * LOW HITPOINT WARNING * * *
Okay, then.
Your lightning spire disappears in a puff of smoke!
Casting: Blink (safe; 34% risk of failure)
Confirm with . or Enter, or press ? or * to list all spells.
Aiming: Summon Lightning Spire (safe; 14% risk of failure)
Press: ? - help, Dir - move target cursor, p - five-headed hydra You miscast Summon Lightning Spire.
Your head hurts.
The five-headed hydra is no longer moving slowly.
Evoke which item? (* to show all) (? for menu, Esc to quit)
A fierce wind blows from the fan.
The five-headed hydra bites you.
* * * LOW HITPOINT WARNING * * *
The five-headed hydra closely misses you.
The five-headed hydra bites you!
You die...

.#....# #.## #### #....
####..#### ##.# #..###.... ##
##..#.## ### ##...##.... .##
#.....# ##.........# .P# #....##
#.........P# ..# #.....####
#######.........##
..###......#P###..##..........##
....#...P....................##
#..............D@............##
#....#.####..###..........P...##
.....###
#....#.###......####>.## ......#
##..#### #.......# #...# ..^..##
##..# #....#### #.... ...#..*
#...#####...## #...# ..#.#.#*
##..##...#...# ##.#. .#*# #. *
#......####..# *..## * ###....#
#.#.## *..##*


You could see a five-headed hydra.

Vanquished Creatures
  A hydra (Lair:1)
  A two-headed ogre (D:8)
  A wolf spider zombie (D:10)
  A lindwurm (Lair:3)
  2 ugly things
  An elephant (Lair:4)
  2 merfolk sirens (Lair:2)
  4 black mambas
  11 spiny frogs
  4 komodo dragons
  2 rime drakes
  A troll (D:9)
  A hornet (Lair:3)
  2 merfolk (Lair:2)
  8 blink frogs
  Prince Ribbit (D:6)
  3 hippogriffs
  A wraith (D:12)
  21 yaks
  3 basilisks
  10 water moccasins
  3 soldier ants (Lair:4)
  7 porcupines
  3 ice beasts
  11 orc warriors
  A sky beast (D:6)
  2 necrophages
  A hornet zombie (D:12)
  7 ogres
  18 wolves
  6 crocodiles
  5 centaurs
  3 big kobolds
  Blork the orc (D:3)
  18 bullfrogs
  4 scorpions
  9 killer bees
  10 wights
  11 howler monkeys
  An electric eel (D:10)
  4 crimson imps
  A bullfrog zombie (D:9)
  2 centaur zombies
  9 hounds
  10 orc priests
  Crazy Yiuf (D:4)
  2 centaur skeletons
  4 jellies
  10 orc wizards
  3 bullfrog skeletons
  Natasha (twice) (D:3)
  3 iguanas
  3 hell rats (D:6)
  7 worker ants
  2 killer bee zombies
  2 hound zombies
  A mummy (D:7)
  A worker ant zombie (D:10)
  4 gnolls (D:7)
  10 adders
  4 river rats (D:6)
  2 shadow imps (D:7)
  An ooze (D:3)
  2 adder skeletons
  2 adder zombies (D:7)
  A worm (D:4)
  2 dart slugs (D:1)
  8 leopard geckos
  72 orcs
  A ball python (D:7)
  4 bats
  8 giant cockroaches
  A hobgoblin (D:3)
  8 jackals
  3 quokkas
  11 frilled lizards
  A giant cockroach zombie (D:5)
  6 goblins
  A jackal skeleton (D:8)
  18 kobolds
  2 quokka skeletons
  A quokka zombie (D:7)
  21 rats
463 creatures vanquished.

Vanquished Creatures (collateral kills)
  A hydra (Lair:3)
  A rime drake (Lair:4)
  9 yaks (Lair:3)
11 creatures vanquished.

Vanquished Creatures (others)
  A bush (D:8)
  8 fungi
  7 plants
16 creatures vanquished.

Grand Total: 490 creatures vanquished

Notes
Turn   | Place    | Note
-------+----------+-------------------------------------------
     0 | D:1      | Lusmu the Draconian Wanderer began the quest for the Orb.
     0 | D:1      | Lusmu set off with the following items: a +2 falchion, a
                  | scroll of teleportation, a potion of lignification, a +0
                  | dagger, a ration
     0 | D:1      | Reached XP level 1. HP: 16/16 MP: 1/1
   195 | D:1      | Reached XP level 2. HP: 22/23 MP: 2/2
   633 | D:2      | Noticed Sigmund
   759 | D:2      | Reached XP level 3. HP: 29/29 MP: 3/3
  1111 | D:2      | Found a bloodstained altar of Trog.
  1673 | D:3      | Found a hide-covered altar of Uskayaw.
  1674 | D:3      | Found a sacrificial altar of Ru.
  1674 | D:3      | Found a basalt altar of Yredelemnul.
  1691 | D:3      | Noticed Natasha
  1709 | D:3      | Killed Natasha
  1709 | D:3      | Reached XP level 4. HP: 6/37 MP: 0/4
  1985 | D:3      | Found a shattered altar of Ashenzari.
  1999 | D:3      | Became a worshipper of Ashenzari the Shackled
  2052 | D:3      | Reached skill level 6 in Stealth
  2269 | D:3      | Reached XP level 5. HP: 45/45 MP: 5/5
  2382 | D:3      | Noticed Natasha
  2390 | D:3      | Killed Natasha
  2525 | D:3      | Noticed Blork the orc
  2539 | D:3      | Killed Blork the orc
  2548 | D:3      | Found a deep blue altar of Sif Muna.
  2623 | D:3      | Reached XP level 6. HP: 47/52 MP: 6/6
  2661 | D:4      | Found a sparkling altar of Nemelex Xobeh.
  2960 | D:4      | Found a shadowy altar of Dithmenos.
  3332 | D:4      | Found a runed translucent door.
  3333 | D:4      | Noticed Crazy Yiuf
  3347 | D:4      | Killed Crazy Yiuf
  3563 | D:5      | Entered Level 5 of the Dungeon
  3573 | D:5      | Got the cursed long sword of the Jolly Seas {venom, rN+}
  3584 | D:4      | Identified the cursed +0 long sword of the Jolly Seas
                  | {venom, rN+} (You found it on level 5 of the Dungeon)
  3630 | D:5      | Reached * piety under Ashenzari
  3669 | D:5      | Reached skill level 1 in Throwing
  3669 | D:5      | Reached skill level 7 in Stealth
  3669 | D:5      | Your scales start taking on a pale cyan-grey colour.
  3669 | D:5      | Reached XP level 7. HP: 45/58 MP: 7/7
  3676 | D:5      | Learned a level 4 spell: Summon Lightning Spire
  3874 | D:5      | Reached skill level 5 in Fighting
  3929 | D:5      | Reached skill level 5 in Long Blades
  4487 | D:6      | Reached XP level 8. HP: 56/68 MP: 8/8
  4610 | D:6      | Noticed Prince Ribbit
  4618 | D:6      | Killed Prince Ribbit
  4850 | D:6      | Reached skill level 8 in Stealth
  5500 | D:6      | Reached XP level 9. HP: 68/73 MP: 9/9
  5551 | D:6      | Found an opulent altar of Gozag.
  5551 | D:6      | Found an ancient bone altar of Kikubaaqudgha.
  5775 | D:6      | Found the +2 ratskin cloak {+Rats rPois rN+ Str-1 Int-1
                  | Dex+1}
  6097 | D:7      | Reached skill level 5 in Throwing
  6522 | D:7      | Reached ** piety under Ashenzari
  6538 | D:7      | Found a staircase to the Ecumenical Temple.
  6544 | Temple   | Entered the Ecumenical Temple
  6855 | D:7      | Reached skill level 1 in Air Magic
  6855 | D:7      | Reached skill level 1 in Evocations
  7008 | D:7      | Reached skill level 1 in Dodging
  7008 | D:7      | Reached skill level 1 in Spellcasting
  7008 | D:7      | Reached skill level 1 in Summonings
  7117 | D:7      | Found a stormy altar of Qazlal.
  8048 | D:7      | Found a shimmering altar of Xom.
  8230 | D:8      | Found a blossoming altar of Fedhas.
  8788 | D:8      | Noticed a two-headed ogre
  8806 | D:8      | Killed a two-headed ogre
  8806 | D:8      | Reached XP level 10. HP: 27/83 MP: 12/14
  9271 | D:8      | Found Goagosut's Book Shoppe.
 11102 | D:9      | Found Jasoaxy's Antique Armour Shoppe.
 11124 | D:9      | Noticed Gastronok
 11414 | D:10     | Entered Level 10 of the Dungeon
 11668 | D:10     | Reached skill level 5 in Air Magic
 11676 | D:10     | Reached skill level 5 in Evocations
 12372 | D:10     | Reached skill level 5 in Summonings
 12625 | D:10     | Found a staircase to the Lair.
 12658 | D:10     | Reached *** piety under Ashenzari
 12693 | D:10     | Reached XP level 11. HP: 75/89 MP: 17/17
 13038 | D:11     | Noticed a brown ugly thing
 13292 | D:11     | Killed a brown ugly thing
 13292 | D:11     | Reached skill level 5 in Dodging
 13736 | D:12     | Found Ewalab's Weapon Boutique.
 13740 | D:12     | Found a staircase to the Orcish Mines.
 13747 | D:12     | Noticed a white ugly thing
 13776 | D:12     | Reached skill level 9 in Stealth
 13872 | D:12     | Killed a white ugly thing
 14003 | D:12     | Found Raryl's Armour Boutique.
 14863 | Lair:1   | Entered Level 1 of the Lair of Beasts
 15072 | Lair:1   | Noticed a four-headed hydra
 15084 | Lair:1   | Killed a four-headed hydra
 15248 | Lair:1   | Reached **** piety under Ashenzari
 16235 | Lair:1   | Reached skill level 10 in Stealth
 16235 | Lair:1   | Reached XP level 12. HP: 94/102 MP: 18/18
 17070 | Lair:1   | Gained mutation: Your tail ends in a poisonous barb.
                  | [potion of mutation]
 17070 | Lair:1   | Gained mutation: Your spells are a little harder to cast,
                  | but a little more powerful. [potion of mutation]
 17070 | Lair:1   | Gained mutation: Your large and strong wings let you fly
                  | indefinitely. [potion of mutation]
 17073 | Lair:2   | Identified the +1 scimitar of Accidental Termination
                  | {drain, +Rage rElec}
 17182 | Lair:2   | Found a staircase to the Shoals.
 19097 | Lair:2   | Reached skill level 1 in Shields
 19652 | Lair:3   | Noticed a seven-headed hydra
 19658 | Lair:3   | Killed a seven-headed hydra
 20130 | Lair:3   | Reached XP level 13. HP: 53/111 MP: 15/19
 20513 | Lair:3   | Reached skill level 11 in Stealth
 21005 | Lair:3   | Learned a level 2 spell: Blink
 21628 | Lair:4   | HP: 4/111 [five-headed hydra (2)]
 21634 | Lair:4   | HP: 4/111 [five-headed hydra (1)]
 21634 | Lair:4   | Mangled by a five-headed hydra

Skill      XL: |  1  2  3  4  5  6  7  8  9 10 11 12 13 |
---------------+----------------------------------------+-----
Fighting       | 2 3 4 5 6 8 9 |  9.0
Long Blades    | 3 4 5 7 8 9 |  9.2
Stealth        | 6 7 8 10 11 | 11.1
Throwing       | 1 2 4 5 |  5.0
Air Magic      | 3 5 7 9 |  9.4
Evocations     | 3 5 |  5.0
Dodging        | 2 4 6 7 8 |  8.1
Spellcasting   | 2 4 |  4.0
Summonings     | 3 5 6 |  6.0
Shields        | 2 3 |  3.2
Unarmed Combat | |  1.0
Translocations | |  0.6

Action                   |  1- 3 |  4- 6 |  7- 9 | 10-12 | 13-15 || total
-------------------------+-------+-------+-------+-------+-------++-------
Melee: Falchion          |   109 |   127 |       |   450 |   109 ||   795
       Tailslap          |    13 |    22 |    67 |   177 |    22 ||   301
       Punch             |     2 |       |     2 |     2 |     2 ||     8
       Long sword        |       |     9 |   383 |   422 |       ||   814
 Fire: Blowgun           |       |     4 |       |       |       ||     4
Throw: Tomahawk          |       |       |       |     3 |       ||     3
 Cast: Summon Lightning  |       |       |       |     6 |     2 ||     8
       Blink             |       |       |       |       |     2 ||     2
Invok: Curse Item        |       |       |     1 |       |       ||     1
 Abil: Breathe Steam     |       |       |     9 |    24 |     3 ||    36
Evoke: Wand              |       |       |     6 |    53 |     3 ||    62
       Fan of gales      |       |       |       |       |     1 ||     1
  Use: Scroll            |     5 |     2 |     8 |    11 |     2 ||    28
       Potion            |     1 |       |     3 |     3 |       ||     7
 Stab: Sleeping          |     9 |     6 |    25 |    19 |     1 ||    60
       Distracted        |       |       |     1 |     6 |       ||     7
       Paralysed         |       |       |       |    14 |       ||    14
  Eat: Chunk             |     3 |     6 |    18 |    27 |     5 ||    59
       Ration            |       |       |       |     4 |       ||     4
Armor: Skin              |    48 |    45 |   108 |   154 |    20 ||   375
Dodge: Dodged            |    62 |    70 |   185 |   524 |    56 ||   897
Block: Other             |       |    10 |    36 |    73 |    11 ||   130
       Reflection        |       |       |     2 |     3 |       ||     5
       Rpst.: Falchion   |    17 |    23 |       |    77 |    11 ||   128
       Long sword        |       |       |    57 |    90 |       ||   147
